AoeStats
← Joaquito

Arena

504055294Analyzed
4v4 RM · 29d ago on Sep 3, 2026· 41m 17s· 8 players
Game mode
Random Map
Map size
Large (8 player)
Population
200
Speed
Normal
Resources
Standard
Victory
Conquest
Starting age
Dark Age
Ending age
Imperial Age
RankedLock teamsTeams togetherTeam positionsShared explorationLock speedFull tech treeHidden civsTurbo modeCheats
Victory
Defeat
🇦🇷 Burgundians · Argentina
1081
+12
🇨🇱 Shu · Chile
1046
+13
🇨🇱 Bohemians · Chile
1015
+14
🇨🇱 Cumans · Chile
953
+18
🇮🇳 Franks · India
1007
-15
🇲🇽 Italians · Mexico
977
-14
🇨🇴 Ethiopians · Colombia
976
-14
🇬🇷 Huns · Greece
970
-14
ieshwarvsr
11:45 Feudal Age
15:59 Castle Age
14:57 Double-Bit Axe
15:39 Gold Mining
18:02 Bow Saw
23:14 Loom
25:54 Pikeman
26:34 Squires
34:45 Elite Skirmisher
boo
10:50 Feudal Age
14:53 Castle Age
12:45 Double-Bit Axe
12:54 Horse Collar
16:03 Heavy Plow
19:47 Stone Mining
22:18 Gold Mining
24:54 Wheelbarrow
24:30 Loom
25:59 Marauders
29:08 Imperial Age
26:52 Husbandry
27:05 Bloodlines
26:36 Pikeman
27:18 Squires
28:07 Scale Barding Armor
28:03 Scale Mail Armor
28:15 Forging
29:30 Chain Barding Armor
29:26 Elite Tarkan
30:49 Light Cavalry
32:40 Gold Shaft Mining
33:26 Halberdier
Jan_Rui
11:42 Feudal Age
13:33 Wheelbarrow
17:24 Castle Age
15:46 Double-Bit Axe
15:43 Horse Collar
15:54 Stone Mining
17:03 Loom
haroldsuperpro.200478
5:19 Loom
11:52 Feudal Age
17:38 Castle Age
16:08 Horse Collar
16:14 Double-Bit Axe
16:37 Stone Mining
28:57 Padded Archer Armor
30:29 Leather Archer Armor
29:54 Elite Skirmisher
30:55 Fletching
31:53 Bodkin Arrow
34:44 Ballistics
36:28 Masonry
cacadecaca38
10:58 Feudal Age
11:07 Man-at-Arms
13:57 Loom
22:40 Horse Collar
28:12 Castle Age
29:33 Wheelbarrow
28:25 Capped Ram
28:29 Pikeman
30:47 Hand Cart
30:42 Heavy Plow
33:32 Squires
35:27 Gold Mining
37:05 Double-Bit Axe
Joaquito
9:52 Feudal Age
13:09 Double-Bit Axe
15:53 Fletching
16:04 Padded Archer Armor
16:16 Horse Collar
17:39 Loom
19:55 Gold Mining
25:01 Castle Age
25:07 Crossbowman
25:53 Thumb Ring
25:50 Bodkin Arrow
26:10 Leather Archer Armor
26:34 Wheelbarrow
28:18 Bow Saw
28:32 Hand Cart
30:16 Gold Shaft Mining
33:11 Imperial Age
30:52 Stone Mining
31:26 Ballistics
33:32 Arbalester
34:17 Bracer
34:48 Ring Archer Armor
34:43 Hand Cart
36:34 Arbalester
Drookns
11:22 Feudal Age
15:20 Castle Age
13:34 Double-Bit Axe
13:39 Horse Collar
18:46 Chemistry
18:13 Loom
22:37 Padded Archer Armor
23:34 Leather Archer Armor
24:16 Wheelbarrow
23:53 Heavy Plow
24:18 Bow Saw
28:28 Hand Cart
31:39 Imperial Age
33:34 Murder Holes
34:03 Ballistics
34:09 Heavy Scorpion
34:15 Houfnice
36:25 Conscription
36:27 Wagenburg Tactics
Federati
3:42 Double-Bit Axe
7:34 Horse Collar
11:55 Feudal Age
13:30 Heavy Plow
15:55 Castle Age
14:11 Bow Saw
14:44 Heavy Plow
18:01 Two-Man Saw
17:38 Gold Mining
18:50 Cavalier
19:31 Husbandry
20:35 Gold Shaft Mining
21:43 Forging
21:39 Scale Barding Armor
25:17 Crop Rotation
27:45 Chain Barding Armor
28:01 Iron Casting
32:03 Wheelbarrow
34:07 Imperial Age
34:50 Paladin
38:31 Blast Furnace
38:44 Plate Barding Armor
Connection lost

Rejoining the realm…

Still unreachable

The connection could not be restored.

Session expired

The server has moved on; the page needs a fresh start.